 Dungeon Crawl Stone Soup version 0.23.0-38-g208d714 (webtiles) character file.

Game seed: 1127186035936929797

370 Malhgor the Ruffian (level 6, -4/59 HPs)
             Began as a Troll Monk on Feb 27, 2019.
             Engulfed by a cloud of flame (15 damage)
             ... on level 4 of the Dungeon.
             The game lasted 00:08:12 (1884 turns).

Malhgor the Ruffian (Troll Monk)                    Turns: 1884, Time: 00:08:12

Health: -4/59      AC:  7    Str: 20    XL:     6   Next: 42%
Magic:  5/5        EV: 10    Int:  6    God:
Gold:   109        SH:  0    Dex: 14    Spells: 5/5 levels left

rFire    . . .     SeeInvis .     - Unarmed
rCold    . . .     Gourm    +   (no shield)
rNeg     . . .     Faith    .   a - +0 robe
rPois    .         Spirit   .   m - +0 hat
rElec    .         Reflect  .   g - +0 cloak
rCorr    .         Harm     .   (gloves unavailable)
MR       .....                  (boots unavailable)
Stlth    ++........             (no amulet)
HPRegen  0.59/turn              (no ring)
MPRegen  0.09/turn              (no ring)

@: about to teleport
A: large, unfitting armour, claws 3, fast metabolism 3, gourmand, regeneration
1, shaggy fur 1, tough skin 3
a: no special abilities


You were on level 4 of the Dungeon.
You were completely stuffed.

You visited 1 branch of the dungeon, and saw 4 of its levels.

You collected 109 gold pieces.

Inventory:

Missiles
 d - 69 stones (quivered)
 f - 3 tomahawks
Armour
 a - a +0 robe (worn)
 g - a +0 cloak (worn)
 m - a +0 hat (worn)
Scrolls
 c - a scroll of remove curse
Potions
 e - 2 potions of might {unknown}
 i - 2 potions of invisibility {unknown}
 l - a potion of brilliance {unknown}
 o - a potion of curing {unknown}
Comestibles
 b - 4 rations
 n - a chunk of flesh


   Skills:
 + Level 2.4 Fighting
 + Level 0.2 Throwing
 + Level 0.2 Armour
 + Level 2.4 Dodging
 - Level 1.0 Stealth
 + Level 7.2 Unarmed Combat


You had 5 spell levels left.
You didn't know any spells.
Your spell library contained the following spells:

 Spells                   Type           Power        Failure   Level  Hunger
 Magic Dart               Conj           #...         45%         1    ##.....
 Blink                    Tloc           N/A          58%         2    ###....
 Call Imp                 Summ           #.......     58%         2    ###....
 Slow                     Hex            #.......     58%         2    ###....
 Conjure Flame            Conj/Fire      #.......     83%         3    ####...
 Mephitic Cloud           Conj/Pois/Air  #.......     83%         3    ####...


Dungeon Overview and Level Annotations

Branches:
Dungeon (4/15)
 Temple: D:4-7

Altars:

Annotations:
D:1 Done
D:2 Done


Innate Abilities, Weirdness & Mutations

You are too large for most types of armour.
You have claws for hands.
Your metabolism is lightning-fast.
You like to eat raw meat.
Your natural rate of healing is unusually fast.
You are covered in fur. (AC +1)
You have extremely tough skin. (AC +3)


Message History

The creatures around you are filled with an inner flame!
It was a scroll of immolation.
As you read the scroll labeled OSATSAFIHI, it crumbles to dust.
You feel strangely unstable.
It was a scroll of teleportation.
The hound closely misses you.
As you read the scroll labeled UGRORU EJANONK, it crumbles to dust.
It is a scroll of amnesia.
You feel forgetful for a moment. The hound misses you.
The hound bites you but does no damage.
You claw the hound!
The hound is almost dead.
The hound closely misses you.
You mangle the hound!!
The hound explodes!
The fiery explosion engulfs you!!
Ouch! That really hurt!
You are engulfed in blazing flames.
* * * LOW HITPOINT WARNING * * *
You are engulfed in blazing flames.
You die...

##### .#
##...## ..#
#.).%.##.#
##.....#..#
#........#
##........#
#........#
#...?@...#
#.......§.#
#.....§§§.#
##........#
###.......#
##.......%
#.........
.!#.......


There were no monsters in sight!

Vanquished Creatures
  Grinder (D:3)
  A jelly (D:3)
  A hound (D:4)
  An orc priest (D:3)
  Jessica (D:3)
  An adder (D:2)
  2 worms
  9 orcs
  4 bats
  2 giant cockroaches
  5 goblins
  6 hobgoblins
  4 jackals (D:1)
  A quokka (D:3)
  A frilled lizard (D:2)
  5 kobolds
  5 rats
50 creatures vanquished.

Notes
Turn   | Place    | Note
-------+----------+-------------------------------------------
     0 | D:1      | Malhgor the Troll Monk began the quest for the Orb.
     0 | D:1      | Reached XP level 1. HP: 22/22 MP: 0/0
    73 | D:1      | Reached XP level 2. HP: 29/29 MP: 1/1
   853 | D:2      | Reached skill level 4 in Unarmed Combat
  1095 | D:2      | Reached XP level 3. HP: 36/36 MP: 2/2
  1297 | D:3      | Noticed Jessica
  1301 | D:3      | Killed Jessica
  1301 | D:3      | Reached skill level 5 in Unarmed Combat
  1301 | D:3      | Reached XP level 4. HP: 44/44 MP: 3/3
  1662 | D:3      | Reached XP level 5. HP: 35/50 MP: 4/4
  1725 | D:3      | Noticed Grinder
  1757 | D:3      | Killed Grinder
  1757 | D:3      | Reached skill level 7 in Unarmed Combat
  1757 | D:3      | Reached XP level 6. HP: 48/59 MP: 5/5
  1884 | D:4      | Engulfed by a cloud of flame

Skill      XL: |  1  2  3  4  5 |
---------------+----------------+-----
Unarmed Combat | 4 5 7 |  7.2
Fighting       | |  2.4
Throwing       | |  0.2
Armour         | |  0.2
Dodging        | |  2.4
Stealth        | |  1.0

Action                   |  1- 3 |  4- 6 || total
-------------------------+-------+-------++-------
Melee: Unarmed           |    63 |    55 ||   118
       Punch             |     1 |     1 ||     2
Throw: Stone             |     2 |    20 ||    22
  Use: Scroll            |       |     4 ||     4
 Stab: Sleeping          |     2 |     1 ||     3
  Eat: Chunk             |    17 |     6 ||    23
Armor: Robe              |    31 |    16 ||    47
Dodge: Dodged            |    42 |    34 ||    76
